 Dungeon Crawl Stone Soup version 0.26.1-11-gd32895ea62 (webtiles) character file.

Game seed: 15477846636669702804

176 buriedalive the Conjurer (level 5, 0/23 (28) HPs)
             Began as a Deep Elf Conjurer on June 21, 2021.
             Slain by Edmund
             ... wielding a +3 flail of draining
              (7 damage)
             ... on level 4 of the Dungeon.
             The game lasted 00:04:58 (4145 turns).

buriedalive the Conjurer (Deep Elf Conjurer)        Turns: 4145, Time: 00:04:59

HP:   0/23 (28)     AC:  2    Str:  6    XL:     5   Next: 30%
MP:   4/11          EV: 14    Int: 24    God:
Gold: 256           SH:  0    Dex: 13    Spells: 7/10 levels left

rFire    . . .     SeeInvis .   e - +2 dagger (protect)
rCold    . . .     Faith    .   (no shield)
rNeg     . . .     Spirit   .   a - +0 robe
rPois    +         Reflect  .   (no helmet)
rElec    .         Harm     .   (no cloak)
rCorr    .         Rampage  .   (no gloves)
Will     .....     Rnd*Rage +   (no boots)
Stlth    +++.......             i - amulet of magic regeneration
HPRegen  0.07/turn              r - ring of stealth
MPRegen  0.37/turn              p - ring of poison resistance

@: mighty, heavily drained
A: berserk 1, strong 1
a: no special abilities


You were on level 4 of the Dungeon.
You visited 1 branch of the dungeon, and saw 4 of its levels.

You collected 256 gold pieces.

Inventory:

Hand Weapons
 e - a +2 dagger of protection (weapon)
Missiles
 d - 12 poisoned darts
 f - 29 stones
 q - 5 curare-tipped darts
Armour
 a - a +0 robe (worn)
Magical Staves
 x - an uncursed staff of fire {unknown}
Jewellery
 i - an amulet of magic regeneration (around neck)
 p - a ring of poison resistance (right hand)
 r - a ring of stealth (left hand)
 u - an uncursed ring of flight {unknown}
 v - a cursed ring of positive energy {unknown}
Scrolls
 g - a scroll of fear {unknown}
 h - a scroll of enchant armour {unknown}
 j - 2 scrolls of enchant weapon {unknown}
 l - 2 scrolls of teleportation {unknown}
 m - a scroll of random uselessness {unknown}
 n - 5 scrolls of remove curse {unknown}
 o - a scroll of noise {unknown}
 s - a scroll of magic mapping {unknown}
 y - a scroll of identify
 A - a scroll of fog {unknown}
Potions
 b - a potion of might
 c - a potion of flight
 t - a potion of lignification {unknown}
 w - a potion of resistance {unknown}
 z - a potion of heal wounds {unknown}


   Skills:
 + Level 5.0 Dodging
 - Level 2.4 Stealth
 - Level 3.0 Spellcasting
 + Level 6.0 Conjurations


You had 7 spell levels left.
You knew the following spells:

 Your Spells              Type           Power        Failure   Level
a - Magic Dart            Conj           100%         1%          1
b - Searing Ray           Conj           64%          1%          2

Your spell library contained the following spells:

 Spells                   Type           Power        Failure   Level
 Dazzling Flash           Conj/Hex       36%          10%         3
 Fulminant Prism          Conj/Hex       9%           30%         4
 Iskenderun's Mystic Bla  Conj/Tloc      18%          30%         4


Dungeon Overview and Level Annotations

Branches:
Dungeon (4/15)
 Temple: D:4-7

Altars:

Annotations:
D:4 Edmund


Innate Abilities, Weirdness & Mutations

You tend to lose your temper in combat.
Your muscles are strong. (Str +2)


Message History

Edmund is heavily wounded.
Edmund hits you with a +3 flail of draining!
Ouch! That really hurt!
* * * LOW HITPOINT WARNING * * *
You feel drained.
* * * LOW HITPOINT WARNING * * *
It was a potion of might.
You feel very mighty all of a sudden. Edmund barely misses you.
You feel better. Edmund completely misses you.
Casting: Searing Ray (safe; 1% risk of failure)
Confirm with . or Enter, or press ? or * to list all spells.
Aiming: Searing Ray (safe; 1% risk of failure)
Press: ? - help, Shift-Dir - straight line, f/p - Edmund
Aim: Edmund, wielding a +3 flail of draining and wearing a +0 chain mail (heavily wounded, 14% to evade)
The searing ray hits Edmund!
Edmund is severely wounded. (Press . to maintain the ray.) Edmund hits you with a +3 flail of draining!
You die...

..... #@[.......
########.........
.................
.......<.........
.....>...........
........)........
.................
###.....@........
######@.<......
######... ..


You could see Edmund.

Vanquished Creatures
  An orc wizard (D:3)
  5 adders
  An ooze (D:1)
  A worm (D:2)
  A dart slug (D:1)
  A leopard gecko (D:3)
  13 orcs
  A ball python (D:2)
  2 giant cockroaches
  11 goblins
  8 hobgoblins
  10 jackals
  2 quokkas (D:3)
  5 bats
  3 frilled lizards (D:2)
  6 kobolds
  7 rats
78 creatures vanquished.

Notes
Turn   | Place    | Note
-------+----------+-------------------------------------------
     0 | D:1      | buriedalive the Deep Elf Conjurer began the quest for the
                  | Orb.
     0 | D:1      | Reached XP level 1. HP: 10/10 MP: 6/6
   807 | D:1      | Reached XP level 2. HP: 7/15 MP: 0/8
  1192 | D:1      | Learned a level 2 spell: Searing Ray
  1564 | D:1      | Gained mutation: You tend to lose your temper in combat.
                  | [potion of mutation]
  1564 | D:1      | Gained mutation: Your muscles are strong. (Str +2) [potion
                  | of mutation]
  1618 | D:2      | Reached skill level 5 in Conjurations
  1618 | D:2      | Reached XP level 3. HP: 19/19 MP: 5/9
  2773 | D:3      | Reached XP level 4. HP: 13/24 MP: 3/10
  3429 | D:3      | Reached XP level 5. HP: 28/28 MP: 8/11
  3687 | D:3      | Reached skill level 6 in Conjurations
  3930 | D:3      | Reached skill level 5 in Dodging
  4123 | D:4      | Noticed Edmund
  4142 | D:4      | HP: 1/23 [Edmund/+3 flail of draining (1)]
  4145 | D:4      | Slain by Edmund

Illustrated notes

Levels and vault maps discovered:
D:1:      minmay_arrival_doors, layout_basic, chequers_serial_rivers_small_b
D:2:      layout_loops_corners, amethyst_killhole
D:3:      layout_loops_ring
D:4:      layout_gridville, serial_shops, shop_statue, uniq_edmund, uniq_ijyb

Skill      XL: |  1  2  3  4  5 |
---------------+----------------+-----
Dodging        | 3 4 5 |  5.0
Conjurations   | 5 6 |  6.0
Stealth        | |  2.4
Spellcasting   | |  3.0

Action                   |  1- 3 |  4- 6 || total
-------------------------+-------+-------++-------
Melee: Dagger            |    46 |    10 ||    56
 Cast: Magic Dart        |    19 |     5 ||    24
       Searing Ray       |    18 |    19 ||    37
  Use: Scroll            |     3 |     1 ||     4
       Potion            |     2 |     2 ||     4
 Stab: Sleeping          |     3 |     4 ||     7
Armor: Robe              |    13 |     3 ||    16
Dodge: Dodged            |    50 |    12 ||    62
